 Dungeon Crawl Stone Soup version 0.24.1-8-ga250c9d538 (webtiles) character file.

Game seed: 10152017838276034307, levelgen mode: deterministic

123 FTLSpaceWarp the Covert (level 4, -1/22 HPs)
             Began as a Spriggan Assassin on May 4, 2020.
             Killed from afar by an orc wizard (3 damage)
             ... with a magic dart
             ... on level 3 of the Dungeon.
             The game lasted 00:04:30 (2377 turns).

FTLSpaceWarp the Covert (Spriggan Assassin)         Turns: 2377, Time: 00:04:31

Health: -1/22      AC:  3    Str:  7    XL:     4   Next: 79%
Magic:  5/5        EV: 18    Int: 12    God:
Gold:   100        SH:  0    Dex: 18    Spells: 3/3 levels left

rFire    . . .     SeeInvis +   a - +2 dagger
rCold    . . .     Gourm    .   (shield restricted)
rNeg     . . .     Faith    .   b - +0 robe
rPois    .         Spirit   .   (helmet restricted)
rElec    .         Reflect  .   c - +0 cloak
rCorr    .         Harm     .   (gloves unavailable)
MR       .....                  (boots unavailable)
Stlth    ++++......             (no amulet)
HPRegen  0.07/turn              (no ring)
MPRegen  0.09/turn              (no ring)

@: very quick
A: very small, unfitting armour, see invisible, herbivore, speed 3, slow
metabolism 2
a: no special abilities


You were on level 3 of the Dungeon.
You were not hungry.

You visited 1 branch of the dungeon, and saw 3 of its levels.

You collected 100 gold pieces.

Inventory:

Hand Weapons
 a - a +2 dagger (weapon)
Missiles
 d - 7 poisoned darts (quivered)
 e - 2 curare-tipped darts
Armour
 b - a +0 robe (worn)
 c - a +0 cloak (worn)
Scrolls
 j - a scroll of noise {unknown}
 n - a scroll of enchant armour {unknown}
 o - a scroll of identify
 p - a scroll of teleportation {unknown}
Potions
 g - a potion of haste {unknown}
 h - a potion of mutation {unknown}
 k - 3 potions of magic
 l - a potion of flight {unknown}
 m - a potion of agility {unknown}
Comestibles
 f - 6 rations


   Skills:
 - Level 1.5 Fighting
 + Level 3.1 Short Blades
 + Level 2.1 Throwing
 + Level 2.6 Dodging
 * Level 8.4 Stealth


You had 3 spell levels left.
You didn't know any spells.
Your spell library was empty.

Dungeon Overview and Level Annotations

Branches:
Dungeon (3/15)

Altars:


Innate Abilities, Weirdness & Mutations

You are very small and have problems with some larger weapons.
You are too small for most types of armour.
You have supernaturally acute eyesight. (SInv)
You are a herbivore.
You cover ground extremely quickly.
You need to consume almost no food.


Message History

The orc wizard gestures at you while chanting.
The magic dart hits you.
* * * LOW HITPOINT WARNING * * *
An orc comes into view. It is wielding a +0 hand axe.
An orc priest comes into view. It is wielding a +0 flail.
You see here a +0 club.
The bat closely misses you.
The orc wizard casts a spell.
The orc wizard blinks!
The bat barely misses you.
As you read the scroll labeled ZIYNTI LUMACW, it crumbles to dust.
It is a scroll of identify.
k - 3 potions of magic The bat completely misses you.
As you read the scroll labeled MOBEUJ FETAFYCS, it crumbles to dust.
You experience a momentary feeling of inescapable doom!
It was a scroll of random uselessness.
The bat barely misses you.
The orc wizard gestures at you while chanting.
The magic dart hits you.
You die...

####### ......#
#####.# #####.#
...##.#############
##.##....o........#
......####..##..@.###
......# ##....b#...#
##.#.## #.....##..#
##.#.# #....#...[o.#
##.#.# #..o.##..ยง..#
##.#.# ...#......#...#
.....#....##o.#.o##..#
##.###.#......#... ..#
#.# #.## ....###....#


You could see an orc priest (wandering), an orc wizard, an orc (wandering) and a
bat.

Vanquished Creatures
  An orc wizard (D:3)
  2 adders (D:2)
  An ooze (D:1)
  3 dart slugs (D:1)
  A leopard gecko (D:2)
  An orc (D:2)
  2 giant cockroaches
  8 goblins
  13 hobgoblins
  4 jackals (D:2)
  A ball python (D:1)
  8 bats
  7 frilled lizards
  7 kobolds
  7 rats
66 creatures vanquished.

Notes
Turn   | Place    | Note
-------+----------+-------------------------------------------
     0 | D:1      | FTLSpaceWarp the Spriggan Assassin began the quest for the
                  | Orb.
     0 | D:1      | Reached XP level 1. HP: 10/10 MP: 2/2
    44 | D:1      | Reached skill level 6 in Stealth
   197 | D:1      | Reached XP level 2. HP: 2/14 MP: 3/3
   633 | D:1      | Reached skill level 7 in Stealth
   745 | D:1      | Reached XP level 3. HP: 15/18 MP: 4/4
  1572 | D:2      | Reached XP level 4. HP: 16/22 MP: 5/5
  1816 | D:2      | Reached skill level 8 in Stealth
  2377 | D:3      | Killed from afar by an orc wizard

Levels and vault maps discovered:
D:1:      moated_graveyard_arrival, layout_basic, minmay_hexomino_p4
D:2:      layout_loops_ring, serial_bayou_lagoon_a, roderic_roman_lattice
D:3:      layout_loops_cross, hangedman_decor_points, uniq_grinder

Skill      XL: |  1  2  3  4 |
---------------+-------------+-----
Stealth        | 6 7 8 |  8.4
Dodging        | 2 |  2.6
Short Blades   | 3 |  3.1
Fighting       | |  1.5
Throwing       | |  2.1

Action                   |  1- 3 |  4- 6 || total
-------------------------+-------+-------++-------
Melee: Dagger            |   153 |    55 ||   208
Throw: Dart              |     4 |     2 ||     6
  Use: Scroll            |       |     2 ||     2
 Stab: Sleeping          |    13 |     9 ||    22
Armor: Robe              |    13 |     6 ||    19
Dodge: Dodged            |   118 |    45 ||   163
